 Dungeon Crawl Stone Soup version 0.26-a0-667-g92642533e4 (webtiles) character file.

Game seed: 15396996550573845761

68 Kinoniko the Slasher (level 4, -6/35 HPs)
             Began as a Human Berserker on Oct 16, 2020.
             Was a Follower of Trog.
             Mangled by Sigmund
             ... wielding a +0 scythe
              (11 damage)
             ... on level 2 of the Dungeon.
             The game lasted 00:01:38 (1158 turns).

Kinoniko the Slasher (Human Berserker)              Turns: 1158, Time: 00:01:39

Health: -6/35      AC:  2    Str: 23    XL:     4   Next: 41%
Magic:  4/4        EV: 12    Int:  9    God:    Trog [*.....]
Gold:   107        SH:  0    Dex: 12    Spells: 3/3 levels left

rFire    . . .     SeeInvis .   a - +0 falchion
rCold    . . .     Faith    .   (no shield)
rNeg     + . .     Spirit   .   b - +0 animal skin
rPois    .         Reflect  .   (no helmet)
rElec    .         Harm     .   (no cloak)
rCorr    .         Rampage  .   (no gloves)
MR       .....                  (no boots)
Stlth    +.........             (no amulet)
HPRegen  0.11/turn              e - ring of positive energy
MPRegen  0.09/turn              f - +6 ring of strength

@: lethally poisoned (-6 -> -11), berserk cooldown, slowed, very slow
A: no striking features
a: Berserk, Renounce Religion


You were on level 2 of the Dungeon.
You worshipped Trog.
Trog was aware of your devotion.
You visited 1 branch of the dungeon, and saw 2 of its levels.

You collected 107 gold pieces.

Inventory:

Hand Weapons
 a - a +0 falchion (weapon)
Armour
 b - a +0 animal skin (worn)
Jewellery
 e - a ring of positive energy (left hand)
 f - a +6 ring of strength (right hand)
Scrolls
 d - a scroll of identify {unknown}
Potions
 c - a potion of flight


   Skills:
 - Level 3.2 Fighting
 * Level 4.7 Long Blades
 - Level 2.0 Armour
 - Level 2.0 Dodging


You had 3 spell levels left.
You didn't know any spells.
Your spell library was empty.

Dungeon Overview and Level Annotations

Branches:
Dungeon (2/15)

Altars:

Annotations:
D:2 Sigmund


Message History

The adder is heavily wounded.
The adder bites you.
You are poisoned.
The adder poisons you!
A magic dart appears from out of thin air!
The magic dart hits you. The adder bites you.
* * * LOW HITPOINT WARNING * * *
You are lethally poisoned!
The adder poisons you!
Okay, then.
You are too injured to fight recklessly!
You are too injured to fight recklessly!
You are too injured to fight recklessly!
You miss the adder.
The adder is heavily wounded.
* * * LOW HITPOINT WARNING * * *
You feel sick. The adder misses you.
You riposte.
You barely miss the adder.
The adder is heavily wounded.
Something hits you!
You die...

.#.# .#.# #######
.#.######## ###......#
##......... .........#
<#......## #........#
##.†....#######........#
†.......+..)..+...{?....
.#......##....#.?......#
........##....#)@......#
###.....##....'†S......#
#.....##....##.......#
##..#####†####.......#
#..## #.# #.......#
#...####.# #.......#
#.#.†..^.# ...?....#
#.#......# #.......#
#.#......+


You could see an adder.

Vanquished Creatures
  3 adders (D:2)
  3 oozes
  2 leopard geckos (D:2)
  A giant cockroach (D:2)
  5 goblins
  2 hobgoblins (D:1)
  9 bats
  A frilled lizard (D:1)
  A kobold (D:1)
  2 rats (D:1)
29 creatures vanquished.

Notes
Turn   | Place    | Note
-------+----------+-------------------------------------------
     0 | D:1      | Kinoniko the Human Berserker began the quest for the Orb.
     0 | D:1      | Reached XP level 1. HP: 18/18 MP: 1/1
    63 | D:1      | Reached XP level 2. HP: 11/24 MP: 2/2
   563 | D:1      | Reached XP level 3. HP: 27/29 MP: 3/3
   923 | D:2      | Reached skill level 4 in Long Blades
  1092 | D:2      | Reached XP level 4. HP: 35/35 MP: 4/4
  1150 | D:2      | Noticed Sigmund
  1158 | D:2      | Mangled by Sigmund

Illustrated notes

Levels and vault maps discovered:
D:1:      ebering_trefoil_twist, layout_basic
D:2:      layout_basic, regret_index_temple_of_mockery, uniq_jessica,
          uniq_sigmund

Skill      XL: |  1  2  3 |
---------------+----------+-----
Long Blades    | 4 |  4.7
Fighting       | |  3.2
Armour         | |  2.0
Dodging        | |  2.0

Action                   |  1- 3 |  4- 6 || total
-------------------------+-------+-------++-------
Melee: Falchion          |    68 |    17 ||    85
Invok: Berserk           |     3 |     1 ||     4
  Use: Potion            |     2 |       ||     2
 Stab: Sleeping          |     1 |       ||     1
Armor: Animal skin       |    18 |     9 ||    27
Dodge: Dodged            |    61 |    22 ||    83
       Rpst.: Falchion   |    14 |    11 ||    25

Table legend: (Time is in decaauts)
 A = Elapsed time spent in this place.
 B = Non-inter-level travel time spent in this place.
 C = Inter-level travel time spent in this place.
 D = Time resting spent in this place.
 E = Time spent auto-exploring this place.
 F = Levels seen in this place.
 G = Mean time per level.
                   A        B        C        D        E       F      G
               +--------+--------+--------+--------+--------+-----+--------+
         Total |   1193 |   1187 |      6 |    522 |    482 |   2 |  596.5 |
       Dungeon |   1193 |   1187 |      6 |    522 |    482 |   2 |  596.5 |
               +--------+--------+--------+--------+--------+-----+--------+

Top non-repeatable levels by time:
     D:1: 890 daAuts
     D:2: 302 daAuts
